 Dungeon Crawl Stone Soup version 0.29.1-1-gd02db6906a (webtiles) character file.

Game seed: 16654037267597129081

98 warriortoast the Conjurer (level 4, -2/24 HPs)
             Began as a Deep Elf Conjurer on Sept 22, 2022.
             Slain by an orc
             ... wielding a +0 falchion
              (5 damage)
             ... on level 2 of the Dungeon.
             The game lasted 00:03:17 (2251 turns).

warriortoast the Conjurer (Deep Elf Conjurer)       Turns: 2251, Time: 00:03:19

Health: -2/24      AC:  2    Str:  4    XL:     4   Next: 44%
Magic:  7/13       EV: 12    Int: 25    God:
Gold:   99         SH:  0    Dex: 13    Spells: 12/13 levels left

rFire   . . .      SeeInvis .   (no weapon)
rCold   . . .      Faith    .   (no shield)
rNeg    . . .      Spirit   .   a - +0 robe
rPois   .          Reflect  .   (no helmet)
rElec   .          Harm     .   (no cloak)
rCorr   .          Rampage  .   (no gloves)
Will    .....                   (no boots)
Stlth   ++........              (no amulet)
HPRegen 0.08/turn               (no ring)
MPRegen 0.13/turn               (no ring)

@: very slightly contaminated
A: no striking features
a: no special abilities


You were on level 2 of the Dungeon.
You visited 1 branch of the dungeon, and saw 3 of its levels.

You collected 99 gold pieces.

Inventory:

Armour
 a - a +0 robe (worn)
Scrolls
 e - a scroll of enchant armour {unknown}
 f - a scroll of noise {unknown}
 g - 3 scrolls of teleportation {unknown}
 i - 2 scrolls of identify {unknown}
 j - a scroll of magic mapping {unknown}
 k - a scroll of brand weapon {unknown}
Potions
 b - 2 potions of magic
 c - a potion of flight {unknown}
 d - a potion of haste {unknown}
 h - 3 potions of lignification {unknown}
 l - a potion of degeneration {unknown}
 m - 2 potions of curing {unknown}


   Skills:
 - Level 2.4 Dodging
 - Level 2.4 Stealth
 + Level 5.0 Spellcasting
 + Level 5.5 Conjurations


You had 12 spell levels left.
You knew the following spells:

 Your Spells              Type           Power      Damage    Failure   Level
a - Magic Dart            Conj           100%       1d8       1%          1

Your spell library contained the following spells:

 Spells                   Type           Power      Damage    Failure   Level
 Searing Ray              Conj           68%        2d6       1%          2
 Dazzling Flash           Conj/Hex       40%        N/A       8%          3
 Stone Arrow              Conj/Erth      40%        3d9       8%          3
 Sandblast                Erth           12%        2d6       9%          1
 Passwall                 Tmut/Erth      5%         N/A       12%         2
 Fulminant Prism          Conj/Hex       10%        3d9       26%         4
 Iskenderun's Mystic Bla  Conj/Tloc      20%        2d6       26%         4


Dungeon Overview and Level Annotations

Branches:
Dungeon (3/15)

Altars:
The Shining One


Message History

Nothing appears to happen.
The orc hits you with a +0 falchion.
The giant cockroach bites you but does no damage.
The orc hits you with a +0 falchion.
You climb upwards.
There is a stone staircase leading down here.
You are too injured to fight recklessly!
You are too injured to fight recklessly!
You are too injured to fight recklessly!
Casting: Magic Dart (safe; 1% risk of failure)
Confirm with . or Enter, or press ? or * to list all spells.
Aiming: Magic Dart (safe; 1% risk of failure)
Press: ? - help, Shift-Dir - straight line, f - giant cockroach
Aim: a giant cockroach (100% to hit)
The magic dart hits the giant cockroach.
You kill the giant cockroach!
The orc misses you.
Casting: Magic Dart (safe; 1% risk of failure)
Confirm with . or Enter, or press ? or * to list all spells.
Aiming: Magic Dart (safe; 1% risk of failure)
Press: ? - help, Shift-Dir - straight line, f - orc
Aim: an orc, wielding a +0 falchion and wearing a +0 chain mail (100% to hit)
The magic dart hits the orc but does no damage.
The orc hits you with a +0 falchion!
* * * LOW HITPOINT WARNING * * *
Casting: Magic Dart (safe; 1% risk of failure)
Confirm with . or Enter, or press ? or * to list all spells.
Aiming: Magic Dart (safe; 1% risk of failure)
Press: ? - help, Shift-Dir - straight line, f/p - orc
Aim: an orc, wielding a +0 falchion and wearing a +0 chain mail (100% to hit)
The magic dart hits the orc.
The orc is moderately wounded.
The orc closely misses you.
Casting: Magic Dart (safe; 1% risk of failure)
Confirm with . or Enter, or press ? or * to list all spells.
Aiming: Magic Dart (safe; 1% risk of failure)
Press: ? - help, Shift-Dir - straight line, f/p - orc
Aim: an orc, wielding a +0 falchion and wearing a +0 chain mail (moderately wounded, 100% to hit)
You miscast Magic Dart.
Nothing appears to happen.
The orc hits you with a +0 falchion.
You die...

.†...........# #.#.###.#.#.#
.....####..).########.#.# ##..#.#
#....# ##.##.##.<.....#.# #..#.#
#....###..##.##.#######.####).#>#
..........##.##...............#.#
.....†.....#.##.#######.###......
.............##.#######.^....##.#
........###.....................#
##...##.# #.....@........###.####
#......###.....o........# #.....
######.....############## ######
#######


You could see an orc.

Vanquished Creatures
  2 adders
  3 gnolls (D:2)
  A dart slug (D:2)
  4 ball pythons
  6 endoplasms
  4 giant cockroaches
  4 goblins (D:2)
  2 hobgoblins (D:3)
  5 jackals
  4 kobolds
  A quokka (D:1)
  4 bats
  3 frilled lizards
  4 rats
47 creatures vanquished.

Vanquished Creatures (others)
  3 fungi (D:3)
  A plant (D:3)
4 creatures vanquished.

Grand Total: 51 creatures vanquished

Notes
Turn   | Place    | Note
-------+----------+-------------------------------------------
     0 | D:1      | warriortoast the Deep Elf Conjurer began the quest for the
                  | Orb.
     0 | D:1      | Reached XP level 1. HP: 10/10 MP: 6/6
   211 | D:1      | Reached XP level 2. HP: 15/15 MP: 1/8
  1223 | D:2      | Reached skill level 5 in Conjurations
  1223 | D:2      | Reached XP level 3. HP: 19/19 MP: 8/10
  1645 | D:2      | Reached XP level 4. HP: 23/24 MP: 6/12
  1791 | D:2      | Found a glowing golden altar of the Shining One.
  2159 | D:3      | Reached skill level 5 in Spellcasting
  2251 | D:2      | Slain by an orc

Illustrated notes

Levels and vault maps discovered:
D:1:      evilmike_arrival_crescent, layout_basic
D:2:      layout_loops_ring, basic_altar
D:3:      layout_basic, gammafunk_temple_overflow_claw,
          shapermc_ecumenical_altar_rom_forum

Skill      XL: |  1  2  3  4 |
---------------+-------------+-----
Spellcasting   | 4 5 |  5.0
Conjurations   | 5 |  5.5
Dodging        | |  2.4
Stealth        | |  2.4

Action                   |  1- 3 |  4- 6 || total
-------------------------+-------+-------++-------
 Cast: Magic Dart        |    64 |    26 ||    90
Armor: Robe              |     1 |     3 ||     4
Dodge: Dodged            |     1 |     5 ||     6
